Cogmind - Beta 12 @@@ ROGUE MODE // 2023.05.16 @ 07:47:48 Player: Mr Goldstein Result: Destroyed by Y-45 Defender with Beam Rifle Performance ------------- Evolutions (2) 1000 Regions Visited (6) 1200 Robots Destroyed (1) 5 Value Destroyed (1) 1 Prototype IDs (0) 0 Alien Tech Used (0) 0 Bonus (470) 470 TOTAL SCORE: 2676 Bonus ------- Pacifist 470 Cogmind --------- Core Integrity 0/550 Matter 292/300 Energy 99/100 System Corruption 1% Temperature Cool (9) Movement Core (50) Location -8/Storage Parts ------- > --- POWER (1) -------- (None) > --- PROPULSION (2) --- (None) > --- UTILITY (6) ------ Visual Processing Unit > --- WEAPON (2) ------- (None) > --- INVENTORY (5) ---- (None) Peak State ------------ > --- POWER ------------ (None) > --- PROPULSION ------- (None) > --- UTILITY ---------- Visual Processing Unit > --- WEAPON ----------- (None) > --- INVENTORY -------- (None) [Rating: 2] Favorites ----------- Power None Propulsion None Utility Visual Processing Unit Processor Visual Processing Unit Weapon None Build | -11 -10 -10 -9 -9 -8 -8 ------- Run | Jun Mat Min Mat Min Mat Sto Slots Evolved 4 | . . . 2 . 2 . Power . | . . . . . . . Propulsion . | . . . . . . . Utility 4 | . . . 2 . 2 . Weapon . | . . . . . . . Parts Attached 1 | . . . 1 . . . Power . | . . . . . . . Engine . | . . . . . . . Core . | . . . . . . . Reactor . | . . . . . . . Propulsion . | . . . . . . . Treads . | . . . . . . . Leg . | . . . . . . . Wheel . | . . . . . . . Hover . | . . . . . . . Flight . | . . . . . . . Utility 1 | . . . 1 . . . Device . | . . . . . . . Storage . | . . . . . . . Processor 1 | . . . 1 . . . Hackware . | . . . . . . . Protection . | . . . . . . . Artifact . | . . . . . . . Weapon . | . . . . . . . Energy Gun . | . . . . . . . Energy Cannon . | . . . . . . . Ballistic Gun . | . . . . . . . Ballistic Cannon . | . . . . . . . Launcher . | . . . . . . . Special Weapon . | . . . . . . . Impact Weapon . | . . . . . . . Slashing Weapon . | . . . . . . . Piercing Weapon . | . . . . . . . Special Melee Weapon . | . . . . . . . Unidentified Prototypes . | . . . . . . . Parts Lost . | . . . . . . . Power . | . . . . . . . Propulsion . | . . . . . . . Utility . | . . . . . . . Weapon . | . . . . . . . Highest Loss Streak . | . . . . . . . To Critical Strikes . | . . . . . . . Average Slot Usage (%) 5 | . . . 6 11 9 9 Processor 5 | . . . 6 11 9 9 Naked Turns 173 | . 28 84 61 . . . Heaviest Build . | . . . . . . . Greatest Support 3 | 3 3 3 3 3 3 3 Greatest Overweight (x) . | . . . . . . . Average Overweight (x) . | . . . . . . . Largest Inventory Capacity 5 | 5 5 5 5 5 5 5 Average Capacity 5 | 5 5 5 5 5 5 5 Most Carried . | . . . . . . . Average Carried . | . . . . . . . Final Capacity 5 | 5 5 5 5 5 5 5 Final Carried . | . . . . . . . Class Distribution -------------------- 100% | Mutant Dominant Class ---------------- Mutant | -10/Materials Mutant | -10/Mines Mutant | -9/Materials Mutant | -9/Mines Mutant | -8/Materials Mutant | -8/Storage Resources | -11 -10 -10 -9 -9 -8 -8 ----------- Run | Jun Mat Min Mat Min Mat Sto Matter Collected 193 | 193 . . . . . . Remotely . | . . . . . . . Salvage Created 30 | . . . . . 30 . Parts 2 | . . . . . 2 . Haulers Intercepted . | . . . . . . . Recyclers Shooed 1 | . . 1 . . . . Parts Field Recycled . | . . . . . . . Retrieved Matter . | . . . . . . . Parts Self-Destructed . | . . . . . . . Prevented . | . . . . . . . Kills | -11 -10 -10 -9 -9 -8 -8 ------- Run | Jun Mat Min Mat Min Mat Sto Combat Hostiles Destroyed . | . . . . . . . Classes Destroyed 1 | . . . . . 1 . Worker 1 | . . . . . 1 . Best Kill Streak 1 | . . . . . 1 . Combat Bots Only . | . . . . . . . Max Kills in Single Turn 1 | . . . . . 1 . Gunslinging . | . . . . . . . Exploded . | . . . . . . . Melee . | . . . . . . . Uniques/NPCs Destroyed . | . . . . . . . Combat | -11 -10 -10 -9 -9 -8 -8 -------- Run | Jun Mat Min Mat Min Mat Sto Damage Taken 1043 | 2 24 124 331 . 547 15 Core 1027 | 2 24 124 327 . 535 15 Absorbed by Shields . | . . . . . . . Core Remaining (%) 52 | 99 . 40 . 18 . . Volleys Fired . | . . . . . . . Largest . | . . . . . . . Hottest . | . . . . . . . Shots Fired . | . . . . . . . Gun . | . . . . . . . Cannon . | . . . . . . . Launcher . | . . . . . . . Special . | . . . . . . . Kinetic . | . . . . . . . Thermal . | . . . . . . . Explosive . | . . . . . . . Electromagnetic . | . . . . . . . Robot Hit Streak . | . . . . . . . Robot Miss Streak . | . . . . . . . Penetration Max . | . . . . . . . Secondary Targets . | . . . . . . . Shots Hit Robots . | . . . . . . . Core Hits 6 | . . 1 1 . 4 . Critical Kills . | . . . . . . . Critical Parts Destroyed . | . . . . . . . Critical Strikes . | . . . . . . . Melee Attacks . | . . . . . . . Impact . | . . . . . . . Slashing . | . . . . . . . Piercing . | . . . . . . . Sneak Attacks . | . . . . . . . Combat Hostiles . | . . . . . . . Follow-up Attacks . | . . . . . . . Damage Inflicted 107 | 5 . 15 26 . 61 . Guns . | . . . . . . . Cannons . | . . . . . . . Explosions . | . . . . . . . Melee . | . . . . . . . Ramming 107 | 5 . 15 26 . 61 . Kinetic . | . . . . . . . Thermal . | . . . . . . . Explosive . | . . . . . . . Electromagnetic . | . . . . . . . Impact . | . . . . . . . Slashing . | . . . . . . . Piercing . | . . . . . . . Highest Corruption 2 | 2 2 2 . . 1 1 Average Corruption 1 | 2 2 2 . . 1 1 Corruption Purged . | . . . . . . . Corruption Blocked . | . . . . . . . Effects 5 | 1 1 1 . . 2 . Message Errors 1 | . . . . . 1 . Matter Fused 2 | 1 . . . . 1 . Heat Flow Errors 1 | . . 1 . . . . Energy Discharges 1 | . 1 . . . . . Overload Shots . | . . . . . . . Overflow Damage . | . . . . . . . Projectiles . | . . . . . . . Explosions . | . . . . . . . Melee . | . . . . . . . Knockbacks . | . . . . . . . Impact . | . . . . . . . Kinetic . | . . . . . . . Secondary . | . . . . . . . Self-Inflicted Damage 48 | 2 . 7 13 . 26 . Shots . | . . . . . . . Rammed 24 | 1 . 3 6 . 14 . Targets Rammed 24 | 1 . 3 6 . 14 . Kicked . | . . . . . . . Crushed . | . . . . . . . Highest Temperature 159 | . . 159 11 . 5 . Average Temperature 67 | . . 84 11 . 5 . Received Heat Transfer 432 | . . 15 147 . 261 9 Siege Activations . | . . . . . . . Robots Corrupted . | . . . . . . . Combat Hostiles . | . . . . . . . Parts Fried . | . . . . . . . Impact Corruptions . | . . . . . . . Robots Melted . | . . . . . . . Combat Hostiles . | . . . . . . . Parts Melted . | . . . . . . . Heat Transferred . | . . . . . . . Parts Sabotaged . | . . . . . . . Parts Stolen . | . . . . . . . Parts Stripped . | . . . . . . . Power Chain Reactions . | . . . . . . . Missiles Intercepted . | . . . . . . . Alert | -11 -10 -10 -9 -9 -8 -8 ------- Run | Jun Mat Min Mat Min Mat Sto Peak Influence 227 | . 15 170 186 72 227 110 Initial 95 | . . 5 66 72 27 95 Average 81 | . 3 86 110 72 65 100 Maximum Alert Level 1 | . . . . . 1 . Low Security (%) 99 | 100 100 100 100 100 98 100 Level 1 . | . . . . . 1 . Level 2 . | . . . . . . . Level 3 . | . . . . . . . Level 4 . | . . . . . . . Level 5 . | . . . . . . . High Security . | . . . . . . . Max Security . | . . . . . . . Squads Dispatched 4 | . . . 1 . 2 1 Investigation 1 | . . . . . . 1 Extermination . | . . . . . . . Reinforcement 3 | . . . 1 . 2 . Assault . | . . . . . . . Garrison . | . . . . . . . Intercept . | . . . . . . . Searches Triggered . | . . . . . . . Construction Impeded . | . . . . . . . Haulers Reinforced . | . . . . . . . Active Scanning Responses . | . . . . . . . Cargo Convoy Interrupts . | . . . . . . . Stealth | -11 -10 -10 -9 -9 -8 -8 --------- Run | Jun Mat Min Mat Min Mat Sto Distress Signals 2 | . . . . . 2 . Communications Jammed . | . . . . . . . Distress Signals . | . . . . . . . Times Spotted 48 | . 3 11 13 . 20 1 Peak Tracking Total 16 | . 3 7 13 . 16 . Tactical Retreats 8 | . . 3 2 . 3 . Traps | -11 -10 -10 -9 -9 -8 -8 ------- Run | Jun Mat Min Mat Min Mat Sto Traps Triggered . | . . . . . . . Indirectly . | . . . . . . . Trap Hack Attempts . | . . . . . . . Triggered . | . . . . . . . Disarmed . | . . . . . . . Reprogrammed . | . . . . . . . Reused . | . . . . . . . Traps Extracted . | . . . . . . . Installed . | . . . . . . . Triggered . | . . . . . . . Machines | -11 -10 -10 -9 -9 -8 -8 ---------- Run | Jun Mat Min Mat Min Mat Sto Machines Disabled . | . . . . . . . Max in Single Turn . | . . . . . . . Machines Repaired . | . . . . . . . Machines Sabotaged . | . . . . . . . Overloaded Fab Kills . | . . . . . . . Hacking | -11 -10 -10 -9 -9 -8 -8 --------- Run | Jun Mat Min Mat Min Mat Sto Machines Accessed 2 | . . . . . 1 1 Terminals 2 | . . . . . 1 1 Fabricators . | . . . . . . . Repair Stations . | . . . . . . . Recycling Units . | . . . . . . . Scanalyzers . | . . . . . . . Garrison Access . | . . . . . . . Total Hacks 6 | . . . . . 2 4 Successful 1 | . . . . . 1 . Failed 5 | . . . . . 1 4 Catastrophic 2 | . . . . . 1 1 Database Lockouts . | . . . . . . . Manual 6 | . . . . . 2 4 Terminals 6 | . . . . . 2 4 Fabricators . | . . . . . . . Repair Stations . | . . . . . . . Recycling Units . | . . . . . . . Scanalyzers . | . . . . . . . Garrison Access . | . . . . . . . Terminal Hacks 1 | . . . . . 1 . Branch Access Points 1 | . . . . . 1 . Fabricator Hacks . | . . . . . . . Repair Station Hacks . | . . . . . . . Recycling Unit Hacks . | . . . . . . . Scanalyzer . | . . . . . . . Garrison Access Hacks . | . . . . . . . Unauthorized Hacks . | . . . . . . . Terminals . | . . . . . . . Fabricators . | . . . . . . . Repair Stations . | . . . . . . . Recycling Units . | . . . . . . . Scanalyzers . | . . . . . . . Garrison Access . | . . . . . . . Data Cores Recovered . | . . . . . . . Used . | . . . . . . . Hacking Detections 2 | . . . . . 1 1 Full Trace Events 1 | . . . . . . 1 Feedback Events . | . . . . . . . Feedback Blocked . | . . . . . . . Robot Schematics Acquired . | . . . . . . . Robots Built . | . . . . . . . Authchips . | . . . . . . . Time . | . . . . . . . Total Robot Build Rating . | . . . . . . . Part Schematics Acquired . | . . . . . . . Parts Built . | . . . . . . . Authchips . | . . . . . . . Time . | . . . . . . . Total Part Build Rating . | . . . . . . . Parts Repaired . | . . . . . . . Time . | . . . . . . . Parts Recycled . | . . . . . . . Recycled Matter . | . . . . . . . Retrieved Matter . | . . . . . . . Retrieved Components . | . . . . . . . Parts Scanalyzed . | . . . . . . . Part Schematics Acquired . | . . . . . . . Parts Damaged . | . . . . . . . Bothacking | -11 -10 -10 -9 -9 -8 -8 ------------ Run | Jun Mat Min Mat Min Mat Sto Used RIF Installer . | . . . . . . . Robots Hacked . | . . . . . . . Non-combat . | . . . . . . . Combat . | . . . . . . . Robot Hacks Applied . | . . . . . . . Relay Couplers Released . | . . . . . . . Fabnet Peak Effective % . | . . . . . . . Robots Rewired . | . . . . . . . Allies Hacked . | . . . . . . . Hacks Repelled . | . . . . . . . Allies | -11 -10 -10 -9 -9 -8 -8 -------- Run | Jun Mat Min Mat Min Mat Sto Total Allies . | . . . . . . . Largest Group . | . . . . . . . Highest-Rated Group . | . . . . . . . Highest-Rated Ally . | . . . . . . . Total Orders . | . . . . . . . Ally Attacks . | . . . . . . . Total Damage . | . . . . . . . Kills . | . . . . . . . Allies Corrupted . | . . . . . . . Allies Melted . | . . . . . . . Intel | -11 -10 -10 -9 -9 -8 -8 ------- Run | Jun Mat Min Mat Min Mat Sto Robot Analysis Total . | . . . . . . . Derelict Logs Recovered 1 | . . . . 1 . . Drone Launches . | . . . . . . . Drone Recoveries . | . . . . . . . Exploration | -11 -10 -10 -9 -9 -8 -8 ------------- Run | Jun Mat Min Mat Min Mat Sto Turns Passed 460 | 18 28 84 164 15 121 30 Spaces Moved 863 | 34 55 161 312 29 213 59 Core 863 | 34 55 161 312 29 213 59 Treads . | . . . . . . . Legs . | . . . . . . . Wheels . | . . . . . . . Hover . | . . . . . . . Flight . | . . . . . . . Fastest Speed 50 | 50 50 50 50 50 50 50 Average Speed 50 | 50 50 50 50 50 50 50 Slowest Speed 50 | 50 50 50 50 50 50 50 Overloaded Moves . | . . . . . . . Propulsion Burnouts . | . . . . . . . Robots Hopped . | . . . . . . . Cave-ins Triggered . | . . . . . . . Exploration Rate (%) 23 | 3 12 61 33 17 30 10 Regions Visited 6 Branch Regions 3 Pre-discovered Areas 1 | . . . . 1 . . Known Exits Taken 1 | . . . . . 1 . Unknown Exits Taken 5 | 1 1 1 1 1 . . Scrap Searched 1 | . . 1 . . . . Spaces Dug . | . . . . . . . Terrain Destroyed . | . . . . . . . Melee . | . . . . . . . Projectile . | . . . . . . . AOE . | . . . . . . . Terrain Rammed . | . . . . . . . Walls Destroyed . | . . . . . . . Machines Disabled . | . . . . . . . Actions | -11 -10 -10 -9 -9 -8 -8 --------- Run | Jun Mat Min Mat Min Mat Sto Total 882 | 34 54 163 318 28 226 59 Wait . | . . . . . . . Move 857 | 33 54 160 311 28 212 59 Hop . | . . . . . . . Pick Up . | . . . . . . . Fast Attach 1 | . . . 1 . . . Attach . | . . . . . . . Detach . | . . . . . . . Swap . | . . . . . . . Drop . | . . . . . . . Fire . | . . . . . . . Melee . | . . . . . . . Ram 24 | 1 . 3 6 . 14 . Kick . | . . . . . . . Crush . | . . . . . . . Escape Stasis . | . . . . . . . Rewire . | . . . . . . . Trap . | . . . . . . . Miscellaneous . | . . . . . . . Route ------- -11/Junkyard -10/Materials -10/Mines -9/Materials -9/Mines -8/Materials (discovered 4 exits: [*Fac x2] / *Sto x2) -8/Storage History --------- Turn | Location | Event 7 | -11/Junkyard | Discovered new exit (range 14) 19 | -11/Junkyard | Entered Materials 44 | -10/Materials | Discovered new exit (range 6) 47 | -10/Materials | Entered Mines 100 | -10/Mines | Core integrity fell below 50% 104 | -10/Mines | Assembled infested the area 109 | -10/Mines | Assisted by a Guerilla fighting off Assembled 126 | -10/Mines | Discovered new exit (range 10) 131 | -10/Mines | Entered Materials 131 | -9/Materials | Evolved 2 slots: Utility x2 281 | -9/Materials | Core integrity fell below 50% 288 | -9/Materials | Discovered new exit (range 15) 290 | -9/Materials | Core integrity fell below 20% 295 | -9/Materials | Entered Mines 307 | -9/Mines | Discovered new exit (range 4) 307 | -9/Mines | Learned location of Storage (-8) 308 | -9/Mines | Build established: Mutant 310 | -9/Mines | Entered Materials 310 | -8/Materials | Evolved 2 slots: Utility x2 342 | -8/Materials | Identified exit to Storage 364 | -8/Materials | Discovered new exit (range 15) 402 | -8/Materials | Core integrity fell below 50% 403 | -8/Materials | Discovered new exit (range 12) 424 | -8/Materials | Core integrity fell below 20% 431 | -8/Materials | Entered Storage 461 | -8/Storage | Destroyed by Y-45 Defender with Beam Rifle Last Messages --------------- 00367_ D95#DR=LIT3JLUR ULGXTA4>V=W 00369_ K-01 Serf collects debris. 00393_ Slammed into K-01 Serf. 00394_ K-01 Serf sends out distress signal. 00396_ Slammed into K-01 Serf. 00396_ K-01 Serf destroyed. 00399_ U-05 Engineer destroyed. 00403_ EXIT=FOUND 00403_ K-01 Serf collects debris. 00413_ Slammed into L-31 Rogue. 00414_ ALERT: Hostiles spotted, dispatching reinforcements to Terminal M004. 00415_ Slammed into G-47 Trooper. 00426_ Critical hit (Burn: +37). 00427_ System corrupted: Matter fused (-8). LOCATION=STORAGE GOAL=ESCAPE 00460_ Connecting with Terminal... 00460_ ALERT: Suspicious activity at Terminal S015. Dispatching Investigation squad. Map ----- +----------------------------------------------------+ | ?????????????????????????????????????????????????? | | ?????????????????????????????????????????????????? | | ?????????????????????????????????????????????????? | | ?????????????????????????????????????????????????? | | ?????????????????????????????????????????????????? | | ????????????????????????? ?????????????????????? | | ????????????????????????? #????????????????????? | | ????????????????????????? #????????????????????? | | ????????????????????????? #????????????????????? | | ????????????????????????? #????????????????????? | | ????????????????????????? #????????????????????? | | ????????????????????????? #????????????????????? | | ????????????????????????# #????????????????????? | | ????????????????????????# #????????????????????? | | ????????????????????????# #????????????????????? | | ????????????????????????# #????????????????????? | | ????????????????????????+ #????????????????????? | | ????????????????????????# #????????????????????? | | ????????????????????????# #????????????????????? | | ????????????????????????# ?????????????????????? | | ????????????????????????# #??????????????????????? | | ????????????????????????# #??????????????????????? | | ????????????????????????# #???????######?????????? | | ????????????????????????# #???????#! #?????????? | | #############+########### ######### ""#?????????? | | @ Y Y"#?????????? | | # ""#?????????? | | # #?????????? | | ##########################T### # #?????????? | | ?????????????????????????###?###### ** #?????????? | | ??????????????????????????????????# ** #?????????? | | ??????????????????????????????????? #?????????? | | ???????????????????????????????????## ##?????????? | | ?????????????????????????????????????#???????????? | | | | | | | | | | | | | | | | | | | | | | | | | | | | | | | | | +----------------------------------------------------+ Best States ------------- Heat Dissipation 31 Energy Generation 5 Energy Capacity 100 Matter Stores 300 Matter Capacity 300 Sight Range 18 Terrain Scan Density 10 Evasion (%) 50 Item Schematics ----------------- None Robot Schematics ------------------ None Fabricated ------------ Nothing Alien Tech Used ----------------- None Achievements -------------- None Challenges ------------ None Game ------ Seed SupersonicGravmagCoupler Manual? 0 Play Time 00:04:11 Cumulative 216.2 hours Start 2023.05.16 @ 07:43:51 End 2023.05.16 @ 07:47:48 Sessions 1 Manual Loads 0 Difficulty Rogue Special Mode None Game No. 649 Rogue 649 Adventurer 0 Explorer 0 Win Type - Total 9 Types 7/0/1/1/0/0/0/0/0 Lore% 82 Gallery% 80 Achievement% 71 Wizard Run 0 Options --------- ASCII 0 Keyboard 0 Movement Numpad Keybinds 0 Fullscreen 1 Font 16/SmallcapsGlow Map View 75x55 Tactical HUD 1 Map Filters NONE Filters NONE Steam 1 RUN: e6a4be61-7d8e-4a2c-94d8-82cb664deb32